 Dungeon Crawl Stone Soup version 0.31.0-9-g3a7656b989 (webtiles) character file.

Game seed: 12023165382288781083

249 Heoruswealwe the Conjurer (level 5, -1/28 HPs)
             Began as a Deep Elf Conjurer on Jan 31, 2024.
             Slain by an orc wizard
             ... wielding a +3 dagger
              (3 damage)
             ... on level 3 of the Dungeon.
             The game lasted 00:21:18 (2419 turns).

Heoruswealwe the Conjurer (Deep Elf Conjurer)       Turns: 2419, Time: 00:21:18

Health: -1/28      AC:  4    Str:  4    XL:     5   Next: 87%
Magic:  0/15       EV: 12    Int: 25    God:
Gold:   97         SH:  0    Dex: 13    Spells: 5/16 levels left

rFire   . . .        (no weapon)
rCold   + . .        (no shield)
rNeg    . . .        c - +0 robe
rPois   .            g - +2 hat
rElec   .            (no cloak)
rCorr   .            (no gloves)
SInv    .            (no boots)
Will    .....        (no amulet)
Stlth   ++           k - ring of protection from cold
HPRegen 0.24/turn    (no ring)
MPRegen 0.14/turn

%: no passive effects
@: no status effects
A: no striking features
a: no special abilities


You were on level 3 of the Dungeon.
You visited 1 branch of the dungeon, and saw 4 of its levels.

You collected 97 gold pieces.

Inventory:

Armour
 c - a +0 robe (worn)
 g - a +2 hat (worn)
 v - a +0 robe
Jewellery
 k - a ring of protection from cold (left hand)
Talismans
 p - a blade talisman
Wands
 q - a wand of quicksilver (7)
Scrolls
 d - a scroll of vulnerability {unknown}
 f - a scroll of identify {unknown}
 h - a scroll of revelation {unknown}
 i - a scroll of poison {unknown}
 l - a scroll of teleportation {unknown}
 m - a scroll of fear {unknown}
 o - a scroll of noise {unknown}
 u - a scroll of blinking {unknown}
Potions
 a - 4 potions of heal wounds {unknown}
 b - a potion of magic
 e - a potion of degeneration {unknown}
 j - a potion of attraction {unknown}
 n - a potion of invisibility {unknown}
 r - a potion of resistance {unknown}
 s - a potion of curing {unknown}
 t - a potion of ambrosia {unknown}


   Skills:
 - Level 2.4 Dodging
 - Level 2.4 Stealth
 + Level 6.2 Spellcasting
 + Level 6.3 Conjurations


You had 5 spell levels left.
You knew the following spells:

 Your Spells              Type           Power      Damage    Failure   Level
a - Magic Dart            Conj           100%       1d8       1%          1
b - Searing Ray           Conj           78%        2d7       1%          2
c - Fulminant Prism       Conj/Alch      11%        3d8       19%         4
d - Iskenderun's Mystic   Conj/Tloc      23%        2d6       19%         4

Your spell library contained the following spells:

 Spells                   Type           Power      Damage    Failure   Level


Dungeon Overview and Level Annotations

Branches:
Dungeon (4/15)
 Temple: D:4-7

Altars:
Xom

Shops:
D:3 (


Message History

The orc wizard mumbles some strange words.
The orc wizard flickers and vanishes!
Deactivating autopickup; reactivate with Ctrl-A.
The searing ray hits something!
The searing ray hits the orc.
The orc is severely wounded.
The searing ray hits the orc.
You kill the orc!
You finish channelling your searing ray.
You hear some strange, mumbled words.
Something tries to affect you, but you resist.
You start resting.
Something hits you.
You start resting.
You hear some strange, mumbled words.
You are confused.
You bump into the rock wall.
Something hits you.
You bump into the rock wall.
Something hits you.
* * * LOW HITPOINT WARNING * * *
You bump into the rock wall.
Something hits you.
* * * LOW HITPOINT WARNING * * *
A magic dart appears from out of thin air!
The magic dart hits you.
* * * LOW HITPOINT WARNING * * *
You bump into the rock wall.
You're too confused to cast spells.
You closely miss something.
You feel less confused.
You hear some strange, mumbled words.
A magic dart appears from out of thin air!
The magic dart hits you.
* * * LOW HITPOINT WARNING * * *
Casting: Searing Ray (safe; 1% risk of failure)
Confirm with . or Enter, or press ? or * to list all spells.
Okay, then.
Casting: Searing Ray (safe; 1% risk of failure)
Confirm with . or Enter, or press ? or * to list all spells.
Aiming: Searing Ray (safe; 1% risk of failure)
Press: ? - help, Shift-Dir - straight line (Press . to maintain the ray.)
Something hits you.
You die...

.....###.#.#.......#.#
.....#.....#.......#.#
...........#.......#.#
....#......#..._.....#
....#......#.......#.#
...........#.......#.#
...........#.......#.#
...........#########.#
............)..{@....#
.........#############
.........'...#
..))))...###'####
..####..........# ..#
#..........# ..#
#.)........#
..####..........#
.o..##..........#


There were no monsters in sight!

Vanquished Creatures
  A scorpion (D:4)
  2 iguanas (D:4)
  4 gnolls (D:3)
  3 adders
  A dart slug (D:2)
  8 orcs (D:3)
  6 endoplasms
  3 giant cockroaches
  3 goblins
  9 hobgoblins
  6 jackals
  2 quokkas (D:1)
  2 ball pythons
  6 bats
  3 frilled lizards
  2 kobolds
  5 rats (D:1)
66 creatures vanquished.

Notes
Turn   | Place    | Note
-------+----------+-------------------------------------------
     0 | D:1      | Heoruswealwe the Deep Elf Conjurer began the quest for the
                  | Orb.
     0 | D:1      | Reached XP level 1. HP: 10/10 MP: 6/6
   176 | D:1      | Reached XP level 2. HP: 15/15 MP: 0/8
   191 | D:1      | Learned a level 2 spell: Searing Ray
   389 | D:1      | Found a faded altar of an unknown god.
   797 | D:2      | Reached XP level 3. HP: 19/19 MP: 5/10
   876 | D:2      | Reached skill level 5 in Conjurations
  1675 | D:3      | Reached XP level 4. HP: 24/24 MP: 3/12
  1679 | D:3      | Reached skill level 5 in Spellcasting
  1714 | D:2      | You fall into a shaft and drop 2 floors!
  1835 | D:4      | Noticed a scorpion
  1840 | D:4      | Killed a scorpion
  1841 | D:4      | Reached XP level 5. HP: 21/28 MP: 10/15
  1963 | D:4      | Learned a level 4 spell: Fulminant Prism
  1968 | D:4      | Learned a level 4 spell: Iskenderun's Mystic Blast
  2108 | D:3      | Found a shimmering altar of Xom.
  2200 | D:3      | Found Xudeme's Weapon Shoppe.
  2419 | D:3      | Slain by an orc wizard

Illustrated notes

Levels and vault maps discovered:
D:1:      dpeg_arrival_simpleton_c, layout_basic,
          ebering_ecumenical_altar_sacrificial
D:2:      layout_basic
D:3:      layout_basic, overflow_temple_1_default, mainiacjoe_overflow_paths,
          lemuel_tele_altar, serial_shops, nicolae_shop_bloodbath_and_beyond
D:4:      layout_loops_ring, lemuel_zombie_altar_yredelemnul

Skill      XL: |  1  2  3  4  5 |
---------------+----------------+-----
Spellcasting   | 4 5 6 |  6.2
Conjurations   | 5 6 |  6.3
Dodging        | |  2.4
Stealth        | |  2.4

Action                     |  1- 3 |  4- 6 || total
---------------------------+-------+-------++-------
  Melee: Unarmed           |     1 |     1 ||     2
   Cast: Magic Dart        |    82 |    25 ||   107
         Searing Ray       |     2 |     7 ||     9
 Armour: Robe              |     6 |    13 ||    19
  Dodge: Dodged            |    11 |     6 ||    17
